 Dungeon Crawl Stone Soup version 0.27-a0-1065-ge809cff456 (webtiles) character file.

Game seed: 5700809185688676509

286 Lemonice the Skirmisher (level 6, 0/51 HPs)
             Began as a Palentonga Fighter on Apr 22, 2021.
             Slain by an adder (4 damage)
             ... on level 2 of the Dungeon.
             The game lasted 00:04:01 (2067 turns).

Lemonice the Skirmisher (Palentonga Fighter)        Turns: 2067, Time: 00:04:02

Health: 0/51       AC:  6    Str: 19    XL:     6   Next: 8%
Magic:  6/6        EV:  5    Int: 11    God:
Gold:   64         SH:  9    Dex:  9    Spells: 5/5 levels left

rFire    . . .     SeeInvis +   a - +0 long sword
rCold    . . .     Faith    .   c - +0 kite shield
rNeg     . . .     Spirit   .   b - +0 scale mail
rPois    .         Reflect  .   (no helmet)
rElec    .         Harm     .   (no cloak)
rCorr    .         Rampage  .   (no gloves)
Will     .....                  (no barding)
Stlth    ..........             (no amulet)
HPRegen  0.17/turn              (no ring)
MPRegen  0.10/turn              (no ring)

@: mighty, lethally poisoned (0 -> -3), attractive
A: large, rugged brown scales 3, see invisible, deformed body, roll 1, armoured
tail
a: Rolling Charge


You were on level 2 of the Dungeon.
You visited 1 branch of the dungeon, and saw 3 of its levels.

You collected 64 gold pieces.

Inventory:

Hand Weapons
 a - a +0 long sword (weapon)
Armour
 b - a +0 scale mail (worn)
 c - a +0 kite shield (worn)
Wands
 l - a wand of mindburst (9)
Scrolls
 f - 2 scrolls of fog {unknown}
 g - 2 scrolls of teleportation {unknown}
 h - a scroll of enchant weapon {unknown}
 j - a scroll of identify {unknown}
 k - 2 scrolls of magic mapping {unknown}
Potions
 i - a potion of curing {unknown}


   Skills:
 + Level 4.2 Fighting
 + Level 3.6 Long Blades
 + Level 3.4 Armour
 + Level 3.5 Shields


You had 5 spell levels left.
You didn't know any spells.
Your spell library was empty.

Dungeon Overview and Level Annotations

Branches:
Dungeon (3/15)

Altars:


Innate Abilities, Weirdness & Mutations

You are completely covered in rugged brown scales. (AC +3, +7% HP)
You have supernaturally acute eyesight. (SInv)
Armour fits poorly on your strangely shaped body.
You can roll at nearby foes to attack.
You have a long armoured tail.


Message History

Increase (S)trength, (I)ntelligence, or (D)exterity?
You feel clever.
The ball python bites you but does no damage.
The adder bites you.
You climb upwards.
You feel less confused.
The quokka bites you but does no damage.
There is a stone staircase leading down, spattered with blood here.
You closely miss the adder.
Your tail-slap misses the adder.
You block the adder's attack.
The quokka bites you but does no damage.
The ball python closely misses you.
You riposte.
You slash the ball python!
You kill the ball python!
The adder bites you.
* * * LOW HITPOINT WARNING * * *
The quokka barely misses you.
You barely miss the adder. The adder bites you.
* * * LOW HITPOINT WARNING * * *
The quokka bites you.
* * * LOW HITPOINT WARNING * * *
The adder bites you.
* * * LOW HITPOINT WARNING * * *
The quokka bites you but does no damage.
You barely miss the adder. The adder bites you.
* * * LOW HITPOINT WARNING * * *
You are poisoned.
The adder poisons you! The quokka barely misses you.
You riposte.
You slash the quokka!
You kill the quokka!
You block the adder's attack.
You closely miss the adder.
* * * LOW HITPOINT WARNING * * *
You feel very sick. You block the adder's attack.
Unknown command.
It was a potion of attraction.
You feel attractive to monsters.
* * * LOW HITPOINT WARNING * * *
You feel sick. The adder bites you but does no damage. The adder bites you.
You die...

###.# #. #.# #. #.#
#.. #.# .. #.#
##.#### #.# #.....#
#.# ####....†## #.#
.......@S.# #.#
.###......########.#
#......##.......#
##..#...#.#######
#.. ..... ##. ...#.#
#.##.##.# #####
[.(..# # .... #
###..


You could see an adder.

Vanquished Creatures
  Sigmund (D:3)
  An orc wizard (D:3)
  3 adders
  2 worms
  A dart slug (D:2)
  3 orcs (D:3)
  6 ball pythons
  7 endoplasms
  5 giant cockroaches
  6 goblins
  4 hobgoblins
  6 jackals (D:1)
  2 kobolds
  2 quokkas
  8 bats
  3 frilled lizards
  2 rats (D:1)
62 creatures vanquished.

Notes
Turn   | Place    | Note
-------+----------+-------------------------------------------
     0 | D:1      | Lemonice the Palentonga Fighter began the quest for the
                  | Orb.
     0 | D:1      | Reached XP level 1. HP: 19/19 MP: 1/1
   172 | D:1      | Reached XP level 2. HP: 25/25 MP: 2/2
   440 | D:1      | You fall into a shaft and drop 1 floor!
   496 | D:2      | Reached XP level 3. HP: 28/31 MP: 3/3
  1325 | D:2      | Reached XP level 4. HP: 36/37 MP: 4/4
  1461 | D:2      | You fall into a shaft and drop 1 floor!
  2050 | D:2      | Noticed Sigmund
  2060 | D:3      | Killed Sigmund
  2061 | D:3      | Reached skill level 4 in Fighting
  2061 | D:3      | Reached XP level 5. HP: 14/44 MP: 5/5
  2061 | D:3      | Reached XP level 6. HP: 17/51 MP: 6/6
  2067 | D:2      | Slain by an adder

Illustrated notes

Levels and vault maps discovered:
D:1:      dpeg_arrival_pits, layout_loops_ring, chequers_jeans,
          chequers_serial_rivers_small_a
D:2:      layout_loops_ring, uniq_sigmund
D:3:      layout_basic, serial_corexii_hall, chequers_hall_statues_corner_a,
          corexii_hall_statues_t, chequers_hall_statues_y,
          corexii_hall_statues_x, st_stairs_4, minmay_box_of_dots

Skill      XL: |  1  2  3  4 |
---------------+-------------+-----
Armour         | 3 |  3.4
Shields        | 3 |  3.5
Long Blades    | 3 |  3.6
Fighting       | 4 |  4.2

Action                   |  1- 3 |  4- 6 || total
-------------------------+-------+-------++-------
Melee: Long sword        |   111 |    76 ||   187
       Tailslap          |     6 |     6 ||    12
 Abil: Rolling Charge    |    17 |     5 ||    22
  Use: Potion            |       |     2 ||     2
Armor: Scale mail        |    62 |    67 ||   129
Dodge: Dodged            |    36 |    30 ||    66
Block: Kite shield       |    70 |    62 ||   132
       Rpst.: Long sword |    15 |    10 ||    25

Table legend: (Time is in decaauts)
 A = Elapsed time spent in this place.
 B = Non-inter-level travel time spent in this place.
 C = Inter-level travel time spent in this place.
 D = Time resting spent in this place.
 E = Time spent auto-exploring this place.
 F = Levels seen in this place.
 G = Mean time per level.
                   A        B        C        D        E       F      G
               +--------+--------+--------+--------+--------+-----+--------+
         Total |   2156 |   2156 |      0 |    448 |   1226 |   3 |  718.7 |
       Dungeon |   2156 |   2156 |      0 |    448 |   1226 |   3 |  718.7 |
               +--------+--------+--------+--------+--------+-----+--------+

Top non-repeatable levels by time:
     D:1: 987 daAuts
     D:3: 629 daAuts
     D:2: 539 daAuts
